 Dungeon Crawl Stone Soup version 0.28.0-49-g6dfe1f597d (webtiles) character file.

Game seed: 14091436212005916776

207 nickcage the Cudgeller (level 5, -1/42 HPs)
             Began as a Minotaur Gladiator on May 17, 2022.
             Slain by Grinder (2 damage)
             ... on level 3 of the Dungeon.
             The game lasted 00:06:06 (3064 turns).

nickcage the Cudgeller (Minotaur Gladiator)         Turns: 3064, Time: 00:06:06

Health: -1/42      AC:  8    Str: 21    XL:     5   Next: 54%
Magic:  4/4        EV: 11    Int:  5    God:
Gold:   83         SH:  0    Dex: 11    Spells: 4/4 levels left

rFire   . . .      SeeInvis .   a - +0 flail
rCold   + . .      Faith    .   (no shield)
rNeg    . . .      Spirit   .   j - +0 ring mail
rPois   .          Reflect  .   c - +0 hat
rElec   .          Harm     .   n - +2 cloak
rCorr   .          Rampage  .   (no gloves)
Will    .....                   (no boots)
Stlth   +.........              (no amulet)
HPRegen 0.14/turn               f - ring of protection from cold
MPRegen 0.09/turn               (no ring)

@: no status effects
A: horns 2, retaliatory headbutt
a: no special abilities


You were on level 3 of the Dungeon.
You visited 1 branch of the dungeon, and saw 3 of its levels.

You collected 125 gold pieces.
You spent 42 gold pieces at shops.

Inventory:

Hand Weapons
 a - a +0 flail (weapon)
Missiles
 d - 3 throwing nets
 e - 22 poisoned darts (quivered)
Armour
 b - a +0 leather armour
 c - a +0 hat (worn)
 j - a +0 ring mail (worn)
 n - a +2 cloak (worn)
Jewellery
 f - a ring of protection from cold (left hand)
Wands
 l - a wand of polymorph (13)
Scrolls
 g - 2 scrolls of identify {unknown}
 m - 2 scrolls of enchant weapon {unknown}
Potions
 h - 3 potions of curing
 i - 2 potions of might {unknown}
 k - 2 potions of heal wounds {unknown}


   Skills:
 - Level 2.4 Fighting
 + Level 7.6 Maces & Flails
 - Level 2.0 Throwing
 - Level 3.2 Dodging


You had 4 spell levels left.
You didn't know any spells.
Your spell library contained the following spells:

 Spells                   Type           Power      Damage    Failure   Level
 Animate Skeleton         Necr           0%         N/A       65%         1
 Pain                     Necr           0%         1d4       65%         1
 Vampiric Draining        Necr           0%         2d6       95%         3


Dungeon Overview and Level Annotations

Branches:
Dungeon (3/15)

Altars:
Vehumet

Shops:
D:2 !

Annotations:
D:3 Grinder


Innate Abilities, Weirdness & Mutations

You have a pair of horns on your head.
You reflexively headbutt those who attack you in melee.


Message History

The quokka bites you.
You completely miss the orc. The quokka bites you. The orc closely misses you.
You closely miss Grinder. The quokka barely misses you.
You furiously retaliate!
You headbutt the quokka.
You kill the quokka!
The orc hits you with a +2 short sword of holy wrath.
Grinder closely misses you.
Grinder says, "DUCK!"
Grinder blinks!
You sock the orc!
You kill the orc!
Grinder blinks!
Things that are here:
a +2 short sword of holy wrath; an orc corpse You thump Grinder!
You headbutt Grinder!
Grinder is moderately wounded.
Grinder gestures at you.
You suddenly lose the ability to move!
Grinder hits you! Grinder gestures at you. Pain shoots through your body!
Grinder blinks! x2
You can move again.
Grinder hits you!
* * * LOW HITPOINT WARNING * * *
You writhe in agony.
* * * LOW HITPOINT WARNING * * *
You sock Grinder!
Grinder is heavily wounded.
Grinder misses you.
You hit Grinder.
Grinder is severely wounded.
Grinder barely misses you.
You closely miss Grinder.
Grinder is severely wounded.
Grinder hits you but does no damage.
You hit Grinder but do no damage. Your headbutt misses Grinder.
Grinder is severely wounded.
Grinder hits you.
You die...

#...##..#.PP....#.#
#...).####PP....#.######
#)..### ###.......†....
##### ###..######## #..#
### #..# #..
##########..######..
.####.5.).....>>.....#..
.......@##############..
###.###.####### #.. ..
#........ #.( #
#..###### #.. ..>...†..#
#.. #.....#..# ###
#.....#.?# #.# ###.#
#..# #.. ... ...# #.#


You could see Grinder.

Vanquished Creatures
  Crazy Yiuf (D:3)
  A centaur skeleton (D:2)
  An orc priest (D:3)
  Robin (D:2)
  2 worms
  5 dart slugs
  6 orcs
  6 bats
  10 endoplasms
  A giant cockroach (D:1)
  15 goblins
  8 hobgoblins
  3 jackals (D:2)
  6 quokkas
  3 ball pythons
  2 frilled lizards
  7 kobolds
  4 rats
82 creatures vanquished.

Vanquished Creatures (others)
  A fungus (D:3)
1 creature vanquished.

Grand Total: 83 creatures vanquished

Notes
Turn   | Place    | Note
-------+----------+-------------------------------------------
     0 | D:1      | nickcage the Minotaur Gladiator began the quest for the
                  | Orb.
     0 | D:1      | Reached XP level 1. HP: 18/18 MP: 0/0
    44 | D:1      | Reached skill level 4 in Maces & Flails
   193 | D:1      | Reached XP level 2. HP: 21/25 MP: 1/1
   513 | D:1      | Reached skill level 5 in Maces & Flails
   627 | D:1      | Reached XP level 3. HP: 27/30 MP: 2/2
   922 | D:1      | Found a faded altar of an unknown god.
  1144 | D:2      | Reached XP level 4. HP: 37/37 MP: 3/3
  1147 | D:2      | Reached skill level 6 in Maces & Flails
  1275 | D:2      | Found Piadoum's Distillery.
  1283 | D:2      | Bought a potion of curing for 42 gold pieces
  1593 | D:2      | Noticed Robin
  1616 | D:2      | Killed Robin
  2506 | D:3      | Reached skill level 7 in Maces & Flails
  2506 | D:3      | Reached XP level 5. HP: 40/42 MP: 4/4
  2657 | D:3      | Found a radiant altar of Vehumet.
  2998 | D:3      | Found a runed translucent door.
  2999 | D:3      | Noticed Crazy Yiuf
  3004 | D:3      | Killed Crazy Yiuf
  3037 | D:3      | Noticed Grinder
  3055 | D:3      | Paralysed by Grinder for 5 turns
  3060 | D:3      | HP: 1/42 [Grinder (6)]
  3064 | D:3      | Slain by Grinder

Illustrated notes

Levels and vault maps discovered:
D:1:      dpeg_arrival_shelter, layout_basic,
          shapermc_ecumenical_altar_mp_vishouse
D:2:      layout_basic, serial_shops, nicolae_shop_crystal, uniq_robin
D:3:      layout_basic, nicolae_vehumet_altar_sigil,
          grunt_dithmenos_smoke_and_mirrors, st_stairs_3,
          kennysheep_generic_room_6, uniq_crazy_yiuf_cottage, uniq_grinder

Skill      XL: |  1  2  3  4 |
---------------+-------------+-----
Maces & Flails | 4 5 7 |  7.6
Fighting       | |  2.4
Throwing       | |  2.0
Dodging        | |  3.2

Action                   |  1- 3 |  4- 6 || total
-------------------------+-------+-------++-------
Melee: Flail             |    53 |   112 ||   165
       Headbutt          |     9 |    18 ||    27
Throw: Dart              |     1 |     1 ||     2
Armor: Leather armour    |    10 |     1 ||    11
       Ring mail         |       |    32 ||    32
Dodge: Dodged            |    34 |    64 ||    98
